 Dungeon Crawl Stone Soup version 0.28.0-49-g6dfe1f597d (webtiles) character file.

Game seed: 7062315205722460146

490 pkoi the Insei (level 6, -1/51 HPs)
             Began as a Demigod Gladiator on May 11, 2022.
             Succumbed to a gnoll sergeant's poison
             ... on level 4 of the Dungeon.
             The game lasted 00:09:24 (5533 turns).

pkoi the Insei (Demigod Gladiator)                  Turns: 5533, Time: 00:09:24

Health: -1/51      AC:  8    Str: 15    XL:     6   Next: 59%
Magic:  8/8        EV: 11    Int: 18    God:
Gold:   230        SH:  0    Dex: 15    Spells: 5/5 levels left

rFire   . . .      SeeInvis .     - Unarmed
rCold   . . .      Faith    .   (no shield)
rNeg    . . .      Spirit   .   m - +0 ring mail
rPois   .          Reflect  .   b - +1 helmet
rElec   .          Harm     .   (no cloak)
rCorr   .          Rampage  .   (no gloves)
Will    .....                   a - +0 pair of boots
Stlth   +.........              o - amulet of regeneration
HPRegen 0.97/turn               (no ring)
MPRegen 0.11/turn               (no ring)

@: lethally poisoned (-1 -> -12)
A: high MP 1, forlorn, divine attributes
a: no special abilities


You were on level 4 of the Dungeon.
You visited 1 branch of the dungeon, and saw 4 of its levels.

You collected 230 gold pieces.

Inventory:

Hand Weapons
 g - a +0 short sword
 i - a +0 hunting sling
 k - a +0 whip
 n - a +0 short sword of draining
Missiles
 c - 4 throwing nets (quivered)
 e - 4 atropa-tipped darts
Armour
 a - a +0 pair of boots (worn)
 b - a +1 helmet (worn)
 m - a +0 ring mail (worn)
Jewellery
 o - an amulet of regeneration (around neck)
Scrolls
 l - a scroll of enchant armour
 r - a scroll of magic mapping {unknown}
 s - a scroll of teleportation {unknown}
Potions
 d - 2 potions of brilliance {unknown}
 f - a potion of berserk rage {unknown}
 h - a potion of haste {unknown}
 j - a potion of magic
 p - 3 potions of attraction {unknown}
 q - a potion of ambrosia {unknown}


   Skills:
 + Level 3.6 Fighting
 - Level 1.7 Throwing
 + Level 2.9 Armour
 - Level 2.6 Dodging
 * Level 5.5 Unarmed Combat


You had 5 spell levels left.
You didn't know any spells.
Your spell library was empty.

Dungeon Overview and Level Annotations

Branches:
Dungeon (4/15)             Temple (0/1) D:4

Shops:
D:3 ::([(


Innate Abilities, Weirdness & Mutations

You have an increased reservoir of magic. (+10% MP)
You shall have no god before yourself.
Your divine heritage dramatically boosts your attributes as you level up.


Message History

* * * LOW HITPOINT WARNING * * *
You are more poisoned.
You hit the gnoll sergeant but do no damage.
You punch the gnoll sergeant.
The gnoll sergeant is lightly wounded.
You feel very sick.
You barely miss the gnoll sergeant.
The gnoll sergeant is lightly wounded.
You feel very sick.
The gnoll sergeant hits you with a +2 trident of venom.
* * * LOW HITPOINT WARNING * * *
You are more poisoned.
You hit the gnoll sergeant but do no damage.
The gnoll sergeant is lightly wounded.
You feel very sick. The gnoll sergeant barely misses you.
You hit the gnoll sergeant but do no damage.
The gnoll sergeant is lightly wounded.
You feel very sick. The gnoll sergeant barely misses you.
You hit the gnoll sergeant but do no damage.
Your punch misses the gnoll sergeant.
The gnoll sergeant is lightly wounded.
You feel very sick. The gnoll sergeant barely misses you.
You completely miss the gnoll sergeant.
The gnoll sergeant is lightly wounded.
You feel very sick.
The gnoll sergeant hits you with a +2 trident of venom.
* * * LOW HITPOINT WARNING * * *
You are lethally poisoned!
You hit the gnoll sergeant but do no damage.
The gnoll sergeant is lightly wounded.
* * * LOW HITPOINT WARNING * * *
You feel very sick.
The gnoll sergeant hits you with a +2 trident of venom.
* * * LOW HITPOINT WARNING * * *
You punch the gnoll sergeant!
The gnoll sergeant is heavily wounded.
You die...

#g##.###.................####
#.?g## ##........#####.......
####O###......#### #.......
##.#.#...#.##########.####
##O###.#...##(........... ###
#......#.#####...###
##..g...........#....
#..........####...###
##.g@<...#### ##.##
##<......... ...#
##...########### ##.## ###


You could see a gnoll sergeant and a gnoll.

Vanquished Creatures
  An ogre (D:3)
  3 orc priests
  3 hounds (D:4)
  An iguana (D:4)
  2 orc wizards
  Robin (D:2)
  3 gnolls (D:3)
  An adder (D:2)
  An adder skeleton (D:4)
  A dart slug (D:2)
  7 orcs
  4 ball pythons
  7 bats
  7 endoplasms
  5 giant cockroaches
  11 goblins
  10 hobgoblins
  9 quokkas
  2 frilled lizards (D:2)
  9 kobolds
  7 rats
95 creatures vanquished.

Notes
Turn   | Place    | Note
-------+----------+-------------------------------------------
     0 | D:1      | pkoi the Demigod Gladiator began the quest for the Orb.
     0 | D:1      | Reached XP level 1. HP: 17/17 MP: 3/3
   366 | D:1      | Reached skill level 3 in Unarmed Combat
   444 | D:1      | Reached XP level 2. HP: 19/24 MP: 4/4
  1006 | D:2      | Reached skill level 1 in Armour
  1143 | D:2      | Reached XP level 3. HP: 26/26 MP: 5/5
  2147 | D:2      | Noticed Robin
  2681 | D:2      | Killed Robin
  3369 | D:3      | Reached XP level 4. HP: 35/37 MP: 6/6
  3380 | D:2      | Reached skill level 4 in Unarmed Combat
  3851 | D:3      | Found Taodd's Book Shoppe.
  3954 | D:3      | Found Qytzuola's Weapon Shop.
  3980 | D:3      | Found Fotuotooho's Weapon Shop.
  3994 | D:3      | Found Dungorph's Armour Shop.
  4014 | D:3      | Found Zahuc's Book Emporium.
  4390 | D:4      | Reached XP level 5. HP: 44/44 MP: 7/7
  4430 | D:4      | Upgraded the game from 0.28.0-47-ge53b351184 to
                  | 0.28.0-49-g6dfe1f597d
  4686 | D:4      | Reached skill level 5 in Unarmed Combat
  4686 | D:4      | Reached XP level 6. HP: 28/51 MP: 8/8
  4899 | D:4      | Found a staircase to the Ecumenical Temple.
  5532 | D:4      | HP: 2/51 [gnoll sergeant/+2 trident of venom (5)]
  5533 | D:4      | Succumbed to a gnoll sergeant's poison

Illustrated notes

Levels and vault maps discovered:
D:1:      pf_arrival_petrified_forest, layout_rooms
D:2:      layout_basic, basic_altar, uniq_robin
D:3:      layout_basic, hellmonk_ecumenical_altar_arch_garden, serial_shops,
          nicolae_shop_advertising_works [nicolae_subvault_shop_adworks],
          nicolae_shop_bloodbath_and_beyond, nicolae_diamond_shop, shop,
          nicolae_square_shop
D:4:      layout_loops_ring, minmay_temple_entry_proselytizer,
          minmay_pentomino_pile

Skill      XL: |  1  2  3  4  5 |
---------------+----------------+-----
Unarmed Combat | 3 4 5 |  5.5
Fighting       | 2 3 |  3.6
Armour         | 1 2 |  2.9
Throwing       | |  1.7
Dodging        | |  2.6

Action                   |  1- 3 |  4- 6 || total
-------------------------+-------+-------++-------
Melee: Unarmed           |   178 |   211 ||   389
       Punch             |    10 |    11 ||    21
       Short sword       |    27 |       ||    27
  Use: Potion            |     4 |       ||     4
       Scroll            |     2 |     2 ||     4
 Stab: Sleeping          |     2 |       ||     2
Armor: Leather armour    |    10 |       ||    10
       Ring mail         |    61 |    94 ||   155
Dodge: Dodged            |   128 |   122 ||   250
